 Dungeon Crawl Stone Soup version bcrawl-1.18.1 (webtiles) character file.

Game seed: 10269943340160315209

40457 Freyura the Cruncher (level 14, -3/90 HPs)
             Began as a Gargoyle Gladiator on Nov 12, 2019.
             Was a High Priest of the Shining One.
             Slain by a 19-headed hydra (6 damage)
             ... on level 2 of the Lair of Beasts.
             The game lasted 00:48:53 (12542 turns).

Freyura the Cruncher (Gargoyle Gladiator)          Turns: 12542, Time: 00:48:54

Health: -3/90      AC: 37    Str: 19    XL:     14   Next: 11%
Magic:  18/21      EV: 11    Int:  7    God:    the Shining One [*****.]
Gold:   1426       SH: 10    Dex: 15    Spells: 13/13 levels left

rFire    + . .     SeeInvis .   y - +2 lajatang (speed)
rCold    . . .     Gourm    .   (shield currently unavailable)
rNeg     + + +     Faith    .   m - +0 plate armour
rPois    ∞         Spirit   .   c - +0 helmet
rElec    +         Reflect  .   p - +0 cloak
rCorr    .         Harm     .   l - +1 pair of gloves
MR       ++...                  r - +2 pair of boots
Stlth    ..........             (no amulet)
HPRegen  0.25/turn              e - +3 ring of protection
MPRegen  0.17/turn              q - ring of protection from magic

@: divine shield, flying, glowing
A: big wings, dopey 1, fire resistance 1, negative energy resistance 1,
electricity resistance, unbreathing, petrification resistance, rot immunity, AC
+10
a: Stop Flying, Divine Shield, Cleansing Flame, Summon Divine Warrior, Renounce
Religion


You were on level 2 of the Lair of Beasts.
You worshipped the Shining One.
The Shining One was extremely pleased with you.
You were hungry.

You visited 2 branches of the dungeon, and saw 14 of its levels.
You also visited: Bailey.

You collected 1484 gold pieces.
You spent 58 gold pieces at shops.

Inventory:

Hand Weapons
 a - a +0 quarterstaff
 y - a +2 lajatang of speed (weapon)
Missiles
 d - 3 throwing nets (quivered) {!f}
Armour
 c - a +0 helmet (worn)
 l - a +1 pair of gloves (worn)
 m - a +0 plate armour (worn)
 p - a +0 cloak (worn)
 r - a +2 pair of boots (worn)
Jewellery
 e - a +3 ring of protection (left hand)
 q - a ring of protection from magic (right hand)
 w - an uncursed ring of protection from magic
 A - an uncursed ring of protection from fire
 F - an uncursed amulet of regeneration {unknown}
Wands
 n - a wand of polymorph (60)
 v - a wand of enslavement (13)
 C - a wand of iceblast (30)
 D - a wand of acid (10)
Scrolls
 b - 3 scrolls of immolation
 h - 4 scrolls of identify
 j - 3 scrolls of fog
 s - 4 scrolls of teleportation
 u - 4 scrolls of remove curse
 x - a scroll of amnesia
 E - a scroll of enchant weapon {unknown}
 I - 2 scrolls of fear
Potions
 g - 3 potions of magic
 k - 2 potions of lignification
 o - 8 potions of curing
 t - 4 potions of flight
 z - a potion of haste
 G - a potion of brilliance {unknown}
 H - a potion of agility
Miscellaneous
 B - a phial of floods
Comestibles
 f - 22 rations {!d}


   Skills:
 + Level 11.0 Fighting
 - Level 14.0 Staves
 - Level 1.7 Throwing
 + Level 10.7 Armour
 + Level 8.9 Dodging
 + Level 10.5 Invocations


You had 13 spell levels left.
You didn't know any spells.
Your spell library contained the following spells:

 Spells                   Type           Power        Failure   Level  Hunger
 Apportation              Tloc           #.....       100%        1    ##.....
 Summon Butterflies       Summ           #.......     100%        1    ##.....
 Beckoning                Tloc           #.........   100%        3    ####...
 Call Canine Familiar     Summ           #.......     100%        3    ####...
 Tukima's Dance           Hex            #.......     100%        3    ####...
 Summon Ice Beast         Ice/Summ       #.......     100%        4    #####..
 Summon Mana Viper        Hex/Summ       #.......     100%        5    ######.
 Invisibility             Hex            #.......     100%        6    #######
 Summon Hydra             Summ           #.........   100%        6    #######
 Monstrous Menagerie      Summ           #.........   100%        7    #######


Dungeon Overview and Level Annotations

Branches:
Dungeon (12/12)            Temple (0/1) D:7            Lair (2/6) D:7
 Vaults (0/3) D:11         Depths (0/5) D:12
  Swamp: Lair:2-4    Shoals: Lair:2-4     Snake: Lair:2-4    Spider: Lair:2-4
    Orc: D:8-11

Altars:
Ashenzari
Dithmenos
Elyvilon
Gozag
Kikubaaqudgha
Lugonu
Nemelex Xobeh
Okawaru
Qazlal
Ru
Sif Muna
Trog
Wu Jian
Xom
Yredelemnul
Zin
The Shining One

Shops:
D:5 ([   D:7 *


Innate Abilities, Weirdness & Mutations

You are resistant to torment.
Your stone body is resilient. (AC +10)
You are immune to poison.
Your large and strong wings let you fly indefinitely.
You resist negative energy. (rN+)
You are resistant to electric shocks. (rElec)
You can survive without breathing.
You are immune to petrification.
You are immune to rotting.
You are dopey. (Int -2)
Your flesh is heat resistant. (rF+)


Message History

The 19-headed hydra bites you but does no damage.
The 19-headed hydra barely misses you.
The 19-headed hydra bites you but does no damage.
The 19-headed hydra bites you.
* * * LOW HITPOINT WARNING * * *
You block the 19-headed hydra's attack. The 19-headed hydra bites you.
* * * LOW HITPOINT WARNING * * *
The 19-headed hydra bites you but does no damage. x3
You drop a fuming golden potion.
You block the 19-headed hydra's attack.
The 19-headed hydra bites you but does no damage.
You block the 19-headed hydra's attack.
The 19-headed hydra bites you but does no damage. x2
You block the 19-headed hydra's attack. x2
The 19-headed hydra barely misses you.
The 19-headed hydra bites you but does no damage. x3
The 19-headed hydra bites you.
* * * LOW HITPOINT WARNING * * *
The 19-headed hydra bites you but does no damage.
The 19-headed hydra misses you. The 19-headed hydra bites you.
You die...

## . # .#. ... #.# #..#
.. ##P.#.... ###@D......
#...P# ###..........
#....# ###............
.....# #P...........^.
#....#####..............
#....#.#..#............
##...##.....#...........
.#........####..........
......##### ##........


You could see a 19-headed hydra.

Vanquished Creatures
  An ironheart preserver (D:11)
  An ogre mage (D:12)
  A rakshasa (D:12)
  3 centaur warriors (D:12)
  7 two-headed ogres
  A queen ant (D:11)
  An unseen horror (shapeshifter) (D:12)
  An unseen horror (D:10)
  3 cyclopes
  2 orc knights (Bailey)
  11 slime creatures
  7 ugly things
  2 cane toads
  A gargoyle (D:11)
  5 komodo dragons
  3 meliai (D:12)
  7 trolls
  A harpy skeleton (D:11)
  3 hornets
  6 hippogriffs
  Sigmund (D:3)
  2 wyverns
  14 yaks
  3 hungry ghosts
  20 soldier ants (D:11)
  7 water moccasins
  4 porcupines
  A hornet zombie (D:10)
  3 ice beasts
  3 black bears
  10 orc warriors
  9 ogres
  6 wolves (Lair:1)
  10 boggarts (D:12)
  3 phantoms
  9 crocodiles
  20 centaurs
  2 big kobolds
  5 bullfrogs
  2 scorpions
  3 killer bees (D:10)
  6 electric eels (D:7)
  6 wights
  4 howler monkeys
  9 crimson imps
  2 quasits
  2 centaur zombies
  3 centaur skeletons
  5 jellies
  5 orc priests
  4 hounds
  7 orc wizards
  Natasha (thrice) (D:4)
  5 iguanas
  28 worker ants
  2 hound skeletons
  14 gnolls
  12 adders
  2 shadow imps
  5 oozes (D:8)
  An adder skeleton (D:8)
  2 worms
  A dart slug (D:2)
  6 leopard geckos
  36 orcs
  2 bat zombies (D:2)
  3 giant cockroaches
  8 goblins
  10 hobgoblins
  22 kobolds
  A quokka (D:2)
  3 bats
  5 frilled lizards
  A jackal skeleton (D:5)
  5 rats
  2 rat zombies (D:2)
436 creatures vanquished.

Vanquished Creatures (others)
  5 kobolds (Bailey)
  2 plants (D:7)
7 creatures vanquished.

Grand Total: 443 creatures vanquished

Notes
Turn   | Place    | Note
-------+----------+-------------------------------------------
     0 | D:1      | Freyura the Gargoyle Gladiator began the quest for the Orb.
     0 | D:1      | Reached XP level 1. HP: 12/12 MP: 1/1
   173 | D:1      | Reached XP level 2. HP: 18/18 MP: 2/2
   641 | D:1      | Reached skill level 1 in Armour
   666 | D:1      | Reached XP level 3. HP: 21/22 MP: 3/3
   861 | D:2      | Reached XP level 4. HP: 21/27 MP: 4/4
   995 | D:2      | HP: 1/28 [gnoll/+0 spear (4)]
   996 | D:2      | Reached skill level 4 in Staves
  1539 | D:2      | Reached XP level 5. HP: 32/32 MP: 5/5
  1584 | D:2      | Found a glowing golden altar of the Shining One.
  1584 | D:2      | Found a glowing silver altar of Zin.
  1585 | D:2      | Found a white marble altar of Elyvilon.
  1592 | D:2      | Became a worshipper of the Shining One
  1900 | D:2      | Found an ancient bone altar of Kikubaaqudgha.
  2023 | D:2      | Found a shadowy altar of Dithmenos.
  2260 | D:3      | Noticed Sigmund
  2272 | D:3      | Killed Sigmund
  2272 | D:3      | Reached skill level 1 in Invocations
  2272 | D:3      | Reached XP level 6. HP: 30/38 MP: 5/7
  2696 | D:4      | Reached * piety under the Shining One
  2761 | D:4      | Reached skill level 5 in Staves
  2768 | D:4      | Reached XP level 7. HP: 9/43 MP: 8/8
  2788 | D:4      | HP: 2/43 [gnoll/+0 spear (4)]
  2799 | D:4      | Noticed Natasha
  2801 | D:4      | HP: 1/43 [Natasha (3)]
  2804 | D:4      | Killed Natasha
  3104 | D:4      | Found a shattered altar of Ashenzari.
  3205 | D:4      | Found an opulent altar of Gozag.
  3282 | D:4      | Noticed Natasha
  3287 | D:4      | Killed Natasha
  3474 | D:4      | Noticed Natasha
  3480 | D:4      | Killed Natasha
  3567 | D:5      | Entered Level 5 of the Dungeon
  3734 | D:5      | Reached XP level 8. HP: 42/48 MP: 10/10
  3738 | D:5      | Reached ** piety under the Shining One
  3755 | D:5      | Reached skill level 6 in Staves
  3898 | D:5      | Found Ucwaniv's Antique Weapon Emporium.
  3920 | D:5      | Found Qawn's Armour Emporium.
  3942 | D:5      | Bought a +0 cloak for 58 gold pieces
  4082 | D:5      | Reached skill level 5 in Fighting
  4087 | D:5      | Found a basalt altar of Yredelemnul.
  4094 | D:5      | Found a shimmering blue altar of Sif Muna.
  4098 | D:5      | Found a bloodstained altar of Trog.
  4107 | D:5      | Found a sacrificial altar of Ru.
  4114 | D:5      | Found an ornate altar of the Wu Jian Council.
  4119 | D:5      | Found a corrupted altar of Lugonu.
  4130 | D:5      | Found a shimmering altar of Xom.
  4725 | D:5      | Gained mutation: You are dopey. (Int -2) [potion of
                  | mutation]
  4725 | D:5      | Gained mutation: Your flesh is heat resistant. (rF+)
                  | [potion of mutation]
  4970 | D:6      | Reached skill level 7 in Staves
  4979 | D:6      | Found a sparkling altar of Nemelex Xobeh.
  5036 | D:6      | Reached XP level 9. HP: 45/54 MP: 12/12
  5408 | D:7      | Reached skill level 5 in Armour
  5436 | D:7      | Noticed a troll
  5448 | D:7      | Killed a troll
  5490 | D:7      | Reached skill level 8 in Staves
  5490 | D:7      | Reached skill level 5 in Invocations
  5513 | D:7      | Reached skill level 5 in Dodging
  5684 | D:7      | Found a staircase to the Ecumenical Temple.
  5736 | D:7      | Found a staircase to the Lair.
  5777 | D:7      | Found Lalot's Assorted Antiques.
  5883 | D:7      | Reached *** piety under the Shining One
  5945 | D:7      | Reached XP level 10. HP: 59/61 MP: 14/14
  6064 | D:7      | Noticed a cyan ugly thing
  6083 | D:7      | Killed a cyan ugly thing
  6083 | D:7      | Reached skill level 9 in Staves
  6458 | D:8      | Found a flagged portal.
  6483 | Bailey   | Entered a bailey
  6503 | Bailey   | Noticed an orc knight
  6507 | Bailey   | Noticed an orc knight
  6531 | Bailey   | Killed an orc knight
  6560 | Bailey   | Killed an orc knight
  6854 | D:8      | Reached skill level 10 in Staves
  7008 | D:8      | Noticed a two-headed ogre
  7013 | D:8      | Reached XP level 11. HP: 68/68 MP: 16/16
  7021 | D:8      | Killed a two-headed ogre
  7121 | D:8      | Found a stormy altar of Qazlal.
  7330 | D:9      | Reached **** piety under the Shining One
  7467 | D:9      | Noticed a cyclops
  7474 | D:9      | Killed a cyclops
  8278 | D:9      | Found an iron altar of Okawaru.
  8325 | D:9      | Identified a scroll of acquirement
  8336 | D:10     | Entered Level 10 of the Dungeon
  8348 | D:10     | Got a crude halberd
  8351 | D:10     | Noticed an unseen horror
  8361 | D:10     | Killed an unseen horror
  8389 | D:10     | Noticed a green ugly thing
  8398 | D:10     | Killed a green ugly thing
  8398 | D:10     | Reached skill level 11 in Staves
  8798 | D:11     | Reached XP level 12. HP: 68/75 MP: 18/18
  8825 | D:11     | Reached ***** piety under the Shining One
  8903 | D:11     | Found a gate to the Vaults.
  8903 | D:11     | Noticed an ironheart preserver
  8917 | D:11     | Killed an ironheart preserver
  9370 | D:11     | Noticed a queen ant
  9382 | D:11     | Killed a queen ant
  9382 | D:11     | Reached skill level 12 in Staves
 10154 | D:12     | Entered Level 12 of the Dungeon
 10156 | D:12     | Noticed a two-headed ogre
 10159 | D:12     | Noticed a centaur warrior
 10169 | D:12     | Killed a two-headed ogre
 10171 | D:12     | Killed a centaur warrior
 10183 | D:12     | Reached XP level 13. HP: 75/82 MP: 18/20
 10226 | D:12     | Reached skill level 10 in Fighting
 10248 | D:12     | Noticed an ogre mage
 10251 | D:12     | Paralysed by an ogre mage for 2 turns
 10276 | D:12     | Killed an ogre mage
 10276 | D:12     | Reached skill level 13 in Staves
 10458 | D:12     | Reached skill level 10 in Armour
 10464 | D:12     | Noticed a rakshasa
 10484 | D:12     | Killed a rakshasa
 10705 | D:12     | Found a staircase to the Depths.
 10716 | D:12     | Reached skill level 10 in Invocations
 11624 | Lair:1   | Entered Level 1 of the Lair of Beasts
 12034 | Lair:1   | Gained mutation: Your large and strong wings let you fly
                  | indefinitely. [Gargoyle growth]
 12034 | Lair:1   | Reached XP level 14. HP: 88/88 MP: 21/21
 12449 | Lair:2   | Reached skill level 14 in Staves
 12542 | Lair:2   | HP: 3/90 [19-headed hydra (4)]
 12542 | Lair:2   | Slain by a 19-headed hydra

Skill      XL: |  1  2  3  4  5  6  7  8  9 10 11 12 13 14 |
---------------+-------------------------------------------+-----
Armour         | 1 2 3 4 5 7 8 9 10 | 10.7
Fighting       | 3 4 5 6 7 8 9 10 11 | 11.0
Staves         | 4 5 7 8 10 11 12 13 14 | 14.0
Dodging        | 3 4 5 6 7 8 |  8.9
Invocations    | 1 2 3 4 5 6 8 9 10 | 10.5
Throwing       | |  1.7

Action                   |  1- 3 |  4- 6 |  7- 9 | 10-12 | 13-15 || total
-------------------------+-------+-------+-------+-------+-------++-------
Melee: Quarterstaff      |    89 |   127 |   353 |   443 |       ||  1012
       Lajatang          |       |       |       |   332 |   390 ||   722
Invok: Divine Shield     |       |       |       |       |     1 ||     1
 Abil: Fly               |       |       |       |       |     1 ||     1
Evoke: Wand              |       |       |       |       |     1 ||     1
  Use: Potion            |       |     2 |     1 |     2 |     2 ||     7
       Scroll            |       |    11 |     5 |     6 |     1 ||    23
  Eat: Chunk             |       |     5 |     8 |    12 |     5 ||    30
       Ration            |       |       |     2 |     1 |     1 ||     4
Armor: Leather armour    |    22 |       |       |       |       ||    22
       Scale mail        |    15 |    60 |   145 |       |       ||   220
       Troll leather arm |       |       |    51 |    21 |       ||    72
       Plate armour      |       |       |       |   541 |   340 ||   881
Dodge: Dodged            |    70 |    91 |   237 |   357 |   172 ||   927
Block: Other             |       |       |       |       |     7 ||     7
